AoeStats
← AKX Is Undone

Fortress

510265883Analyzed
2v2 RM · 1d ago on Sep 30, 2026· 28m 37s· 4 players
Game mode
Random Map
Map size
Normal (6 player)
Population
200
Speed
Normal
Resources
Standard
Victory
Conquest
Starting age
Dark Age
Ending age
Imperial Age
RankedLock teamsTeams togetherTeam positionsShared explorationLock speedFull tech treeHidden civsTurbo modeCheats
Victory
Defeat
🇲🇽 Khmer · Mexico
972
+12
🇺🇸 Tupi · United States
877
+15
🇲🇽 Spanish · Mexico
884
-27
🇹🇷 Turks · Türkiye
858
-13
Dragonfly911815
9:52 Feudal Age
15:03 Castle Age
20:11 Town Watch
23:40 Imperial Age
20:58 Loom
25:16 Herbal Medicine
27:16 Murder Holes
28:29 Supremacy
mcgurbuz
5:20 Loom
9:39 Feudal Age
10:38 Double-Bit Axe
13:25 Castle Age
11:14 Double-Bit Axe
11:37 Horse Collar
13:18 Fletching
14:49 Padded Archer Armor
14:47 Bodkin Arrow
15:38 Padded Archer Armor
16:57 Leather Archer Armor
19:07 Scale Barding Armor
22:43 Bow Saw
22:50 Scale Mail Armor
22:50 Gold Mining
23:57 Chain Barding Armor
26:14 Forging
27:35 Bloodlines
28:21 Iron Casting
28:37 Wheelbarrow
28:17 Husbandry
29:02 Gold Shaft Mining
31:10 Imperial Age
AKX Is Undone
4:23 Loom
7:42 Feudal Age
10:40 Wheelbarrow
10:16 Double-Bit Axe
10:37 Horse Collar
11:10 Gold Mining
13:12 Champi Runner
17:24 Castle Age
15:47 Fletching
16:37 Scale Mail Armor
18:58 Bow Saw
20:14 Gold Shaft Mining
21:03 Bodkin Arrow
22:40 Padded Archer Armor
24:31 Ballistics
dafr1997
2:50 Loom
7:07 Feudal Age
11:53 Castle Age
10:01 Double-Bit Axe
10:00 Horse Collar
13:46 Bow Saw
20:19 Fervor
20:55 Wheelbarrow
20:36 Town Watch
21:26 Pikeman
25:17 Gold Mining
25:32 Heavy Plow
26:11 Town Patrol
26:29 Hand Cart
Connection lost

Rejoining the realm…

Still unreachable

The connection could not be restored.

Session expired

The server has moved on; the page needs a fresh start.